Map: Cyber Forest LE

Players

TiPtOP

  • Race: Terran Terran
  • League: Silver
  • Spawn Location: 11:00

masterbeef - Winner!

  • Race: Protoss Protoss
  • League: Gold
  • Spawn Location: 5:00

VOD

Have the link to the VOD?

Description

Time

  • Played on: Aug. 19, 2019, 11:52 p.m.
  • Length: 32:00
Show
View Real Time Build Order
Export as new Build Order

TiPtOP Terran 

Build Orders: Mech 

Get SALT Encoding   

  12  0:01  SCV  
  13  0:13  SCV  
  14  0:23  Supply Depot  
  14  0:25  SCV  
  15  0:44  SCV  
  15  0:47  Barracks  
  16  0:51  Refinery  
  16  0:56  SCV  
  17  1:08  SCV  
  18  1:21  SCV  
  19  1:34  Marine  
  19  1:37  Orbital Command  
  20  1:49  Command Center  
  20  2:03  Supply Depot  
  20  2:04  SCV  
  21  2:16  SCV  
  21  2:17  Factory  
  21  2:29  SCV  
  22  2:30  Barracks Tech Lab  
  22  2:35  Engineering Bay  
  22  2:38  Refinery  
  22  2:41  SCV  
  23  2:53  SCV  
  24  3:05  SCV  
  25  3:07  Orbital Command  
  25  3:17  SCV  
  26  3:20  Missile Turret  
  26  3:26  Siege Tank  
  29  3:29  SCV  
  30  3:38  Bunker  
  30  3:45  Missile Turret  
  30  3:46  SCV  
  31  3:58  Siege Tank, SCV  
  35  4:03  SCV  
  36  4:10  SCV  
  36  4:15  SCV  
  38  4:22  Factory x2  
  38  4:32  Refinery  
  38  4:57  Missile Turret  
  38  5:01  Missile Turret  
  38  5:05  Armory  
  38  5:07  Factory Reactor, Factory Tech Lab  
  38  5:11  SCV x2  
  40  5:23  SCV x2  
  42  5:30  Refinery  
  42  5:32  Command Center  
  42  5:35  SCV  
  43  5:50  Missile Turret  
  43  5:57  SCV  
  43  5:58  SCV  
  45  6:09  SCV  
  46  6:15  Supply Depot x2  
  46  6:26  Supply Depot x2  
  46  6:29  Supply Depot  
  46  6:34  Terran Vehicle Weapons Level 1  
  46  6:36  Siege Tank x2, SCV x2  
  54  6:51  Supply Depot  
  54  7:08  Thor  
  54  7:09  Thor  
  66  7:20  Orbital Command  
  66  7:22  SCV x2  
  68  7:34  SCV x2  
  70  7:40  Hellbat x2  
  74  7:46  SCV x2  
  74  7:48  SCV  
  74  7:49  Armory  
  77  7:51  Thor  
  77  7:52  Thor  
  77  7:58  SCV x2  
  90  8:14  Hellbat x2  
  94  9:05  Orbital Command  
  94  9:12  Missile Turret  
  94  9:15  SCV x2  
  94  9:16  Missile Turret  
  96  9:27  SCV x2  
  96  9:29  Missile Turret  
  98  9:31  Refinery  
  98  9:43  Factory  
  98  9:44  Factory  
  98  9:47  SCV  
  98  9:48  SCV x2  
  101  9:59  SCV  
  102  10:00  SCV x2, Supply Depot  
  102  10:02  Supply Depot  
  102  10:04  Supply Depot x2  
  102  10:06  Supply Depot x2  
  104  10:07  Missile Turret  
  104  10:08  Supply Depot  
  104  10:11  Terran Vehicle Weapons Level 2  
  104  10:12  SCV x2  
  104  10:13  Neosteel Armor  
  106  10:14  Terran Vehicle And Ship Armor Level 1  
  106  10:24  SCV  
  107  10:29  Factory  
  107  10:36  SCV  
  108  10:48  SCV  
  109  10:53  SCV x2  
  109  10:56  Refinery  
  109  11:00  SCV  
  109  11:05  SCV x2  
  109  11:08  Hellion  
  109  11:09  Hellbat x4  
  121  11:26  Missile Turret  
  121  11:29  Hellbat  
  121  11:30  Hellion, Hellbat x2  
  121  11:31  Hellbat  
  131  11:45  Supply Depot  
  131  11:46  Supply Depot  
  131  11:47  Factory Tech Lab  
  131  12:00  Command Center  
  131  12:01  Refinery  
  131  12:03  Refinery  
  131  12:09  Missile Turret  
  131  12:33  Factory Tech Lab x2  
  131  12:35  Thor  
  131  12:36  Thor x2  
  153  12:37  Hellbat x2  
  153  12:39  Refinery  
  153  12:43  Command Center  
  153  12:56  SCV x3  
  153  12:58  Hellbat x2  
  160  13:05  Missile Turret, Refinery  
  160  13:06  Missile Turret  
  160  13:08  SCV x2  
  160  13:09  Hellion  
  160  13:10  Thor x2  
  174  13:16  Hellion  
  174  13:18  Thor x2  
  174  13:19  Refinery, Thor  
  192  13:29  Missile Turret  
  192  13:51  Missile Turret  
  192  13:53  Thor  
  188  14:20  Thor x2  
  188  14:21  Hellbat x2  
  124  14:45  Thor, Hellbat x4  
  138  14:59  Planetary Fortress  
  138  15:01  Sensor Tower  
  138  15:03  Thor x2  
  138  15:06  Thor  
  156  15:08  Hellbat x3  
  156  15:14  Planetary Fortress  
  164  15:28  Hellbat  
  164  15:29  Thor, Hellbat x2  
  170  15:46  Thor x2  
  170  15:49  Hellbat  
  126  16:42  SCV x3  
  126  16:43  Thor  
  126  16:44  Thor x3  
  126  16:45  Hellbat x3  
  145  16:54  SCV  
  120  17:06  Hellbat x3  
  108  17:26  Thor  
  108  17:27  Thor x3, Hellbat x2  
  108  17:28  Hellbat  
  123  17:48  Thor  
  123  17:49  Hellbat x2  
  131  17:55  SCV  
  132  17:59  Terran Vehicle Weapons Level 3  
  132  18:00  Terran Vehicle And Ship Armor Level 2  
  132  18:04  Starport x2  
  132  18:07  SCV  
  132  18:09  Thor x2  
  132  18:10  Thor, Hellbat x3  
  132  18:11  Starport  
  132  18:12  Starport  
  157  18:15  Starport  
  157  18:16  Starport  
  157  18:18  Starport  
  157  18:19  SCV  
  158  18:30  Thor  
  158  18:31  Thor, SCV  
  171  18:43  SCV  
  162  19:01  Hellbat x2  
  162  19:02  Hellbat  
  168  19:15  Command Center  
  168  19:22  Starport Tech Lab x2  
  162  19:26  Starport Tech Lab  
  162  19:27  Starport Tech Lab  
  110  19:34  Fusion Core  
  110  19:38  Missile Turret  
  83  20:14  Starport Tech Lab x2  
  83  20:15  Starport Tech Lab  
  78  20:24  Missile Turret, Refinery  
  78  20:25  Command Center  
  78  20:27  Refinery  
  74  20:32  Battlecruiser x4  
  98  20:36  Battlecruiser x2  
  98  20:37  Battlecruiser  
  116  20:48  Missile Turret  
  116  21:10  Command Center  
  116  21:11  Refinery  
  116  21:12  Refinery  
  116  21:26  Weapon Refit  
  116  21:36  Missile Turret  
  116  21:37  Missile Turret  
  109  23:01  Battlecruiser x5  
  109  23:02  Battlecruiser x2  
  133  23:07  Hellbat x3  
  133  23:08  Hellbat x3  
  92  23:48  Planetary Fortress  
  92  23:53  Hellbat x5  
  92  23:54  Hellbat  
  104  24:00  Orbital Command  
  101  24:05  Battlecruiser  
  102  24:11  Infernal Pre-Igniter  
  90  24:44  SCV  
  91  24:46  Battlecruiser  
  97  24:53  SCV  
  97  24:55  SCV x2  
  97  24:56  SCV x2  
  102  25:05  SCV  
  103  25:07  SCV  
  103  25:08  SCV x2  
  106  25:16  Missile Turret x2  
  106  25:17  SCV  
  106  25:18  Battlecruiser  
  106  25:19  Missile Turret  
  114  25:21  SCV  
  114  25:29  SCV  
  114  25:33  SCV  
  116  25:36  SCV  
  116  25:41  SCV  
  118  25:45  SCV  
  118  25:48  Battlecruiser, SCV  
  126  25:57  SCV  
  126  26:01  Refinery, SCV  
  128  26:09  SCV  
  129  26:13  SCV  
  130  26:27  Refinery  
  130  26:28  Refinery, SCV  
  131  26:34  Battlecruiser  
  137  26:40  SCV  
  137  26:46  Battlecruiser  
  144  26:52  SCV  
  144  26:54  Planetary Fortress  
  145  27:02  Missile Turret  
  145  27:04  Sensor Tower, Missile Turret  
  145  27:05  SCV  
  145  27:08  Missile Turret  
  146  27:11  Missile Turret  
  146  27:14  Sensor Tower  
  146  27:28  Battlecruiser  
  152  27:56  SCV  
  152  28:08  SCV  
  153  28:20  SCV  
  154  28:32  SCV  
  141  29:17  Battlecruiser x3  
  141  29:21  Command Center  
  69  29:54  Battlecruiser  
  69  29:55  Battlecruiser x3  
  73  30:21  Battlecruiser  
Show
View Real Time Build Order
Export as new Build Order

masterbeef Protoss - Winner!

Build Orders: Oracle Opening 

Get SALT Encoding   

  1  0:00  Probe  
  12  0:05  Probe  
  14  0:15  Probe  
  15  0:22  Pylon  
  15  0:28  Assimilator  
  15  0:40  Probe  
  16  0:43  Gateway  
  16  0:52  Probe  
  17  1:04  Probe, Pylon  
  18  1:15  Probe  
  19  1:20  Gateway  
  19  1:23  Probe  
  19  1:44  Cybernetics Core  
  19  1:46  Assimilator  
  19  1:51  Zealot  
  21  1:55  Probe  
  22  2:04  Probe  
  23  2:10  Pylon  
  23  2:12  Probe  
  23  2:21  Warp Gate  
  24  2:23  Probe  
  25  2:36  Stargate  
  25  2:40  Stalker  
  27  2:55  Probe, Forge  
  28  3:21  Nexus  
  28  3:28  Oracle  
  31  3:42  Photon Cannon  
  31  3:47  Shield Battery  
  31  3:59  Probe  
  32  4:10  Zealot  
  32  4:11  Zealot, Probe  
  37  4:28  Protoss Ground Weapons Level 1, Pylon  
  37  4:29  Twilight Council  
  37  4:52  Probe  
  37  4:53  Probe, Gateway  
  37  4:55  Gateway  
  39  5:00  Probe  
  39  5:01  Probe  
  39  5:06  Charge  
  41  5:09  Probe  
  42  5:16  Dark Shrine  
  42  5:20  Probe  
  43  5:50  Zealot  
  43  5:51  Zealot  
  47  6:01  Phoenix  
  49  6:05  Stalker x2  
  49  6:09  Probe  
  53  6:15  Probe  
  53  6:17  Nexus  
  55  6:20  Robotics Facility  
  55  6:22  Pylon  
  55  6:26  Phoenix  
  55  6:27  Probe  
  58  6:38  Probe  
  58  6:39  Assimilator  
  59  6:40  Probe  
  59  6:41  Assimilator  
  59  6:46  Blink  
  60  6:50  Probe  
  58  7:26  Dark Templar x2  
  58  7:27  Dark Templar  
  64  7:32  Probe  
  64  7:33  Probe  
  64  7:34  Immortal, Probe  
  67  7:40  Probe  
  72  7:45  Probe  
  72  7:46  Probe  
  72  7:49  Probe  
  74  7:57  Probe  
  77  7:58  Probe  
  77  8:10  Probe  
  78  8:13  Immortal  
  82  8:36  Probe  
  83  8:47  Stalker  
  85  8:55  Pylon  
  85  8:56  Pylon  
  85  8:58  Protoss Ground Armor Level 1  
  85  9:08  Pylon  
  85  9:11  Pylon, Protoss Air Weapons Level 1  
  85  9:13  Probe  
  85  9:14  Pylon  
  86  9:21  Gateway  
  86  9:24  Gateway  
  86  9:25  Probe  
  86  9:28  Gateway  
  86  9:29  Gateway  
  87  9:32  Gateway  
  87  9:36  Probe  
  84  9:44  Probe  
  84  9:49  Dark Templar x3  
  84  9:52  Probe  
  91  9:59  Robotics Bay  
  92  10:03  Templar Archives  
  92  10:04  Probe  
  93  10:07  Forge  
  93  10:16  Assimilator, Probe  
  93  10:19  Assimilator  
  94  10:22  Stalker x4  
  102  10:31  Zealot x4  
  102  10:32  Zealot  
  102  10:33  Nexus  
  102  10:35  Immortal  
  116  10:42  Protoss Shields Level 1  
  116  10:44  Probe  
  117  10:52  Probe  
  118  10:57  Protoss Ground Weapons Level 2  
  118  11:02  Probe  
  118  11:11  Pylon  
  119  11:13  Pylon  
  119  11:14  Immortal  
  123  11:21  Stalker  
  123  11:23  Nexus  
  125  11:28  Pylon  
  125  11:31  Pylon  
  125  11:34  Pylon  
  125  11:39  Pylon  
  125  11:41  Extended Thermal Lance  
  125  11:42  Psionic Storm  
  125  11:48  Pylon  
  125  11:51  Pylon  
  125  11:53  Zealot x2, Colossus  
  135  11:55  High Templar x2, Pylon  
  135  11:57  Probe  
  135  12:01  Pylon  
  140  12:05  Probe  
  140  12:06  Pylon  
  140  12:08  Pylon  
  140  12:10  Pylon  
  140  12:14  Probe  
  139  12:20  Stalker  
  139  12:21  Dark Templar x2  
  139  12:22  Dark Templar  
  148  12:24  Archon  
  148  12:26  Probe  
  148  12:29  High Templar  
  151  12:38  Probe  
  151  12:44  Fleet Beacon  
  152  12:54  Zealot x4  
  152  12:55  Zealot x4  
  168  13:03  Gateway  
  168  13:06  Gateway  
  168  13:11  Gateway  
  168  13:18  Probe, Gateway  
  168  13:26  Probe  
  167  13:30  Zealot x4, Protoss Ground Armor Level 2  
  176  13:35  Probe  
  176  13:40  High Templar x3  
  176  13:41  High Templar  
  185  13:45  Dark Templar  
  185  13:47  Probe  
  182  13:59  Probe  
  182  14:02  Nexus  
  165  14:14  Dark Templar x2  
  109  14:45  Zealot x5  
  113  14:46  Zealot  
  113  14:47  Zealot  
  113  14:48  Zealot x2  
  127  15:02  Assimilator  
  127  15:06  Assimilator  
  127  15:08  Zealot x7  
  125  15:29  Dark Templar  
  125  15:30  Dark Templar x3  
  133  15:42  Protoss Ground Weapons Level 3  
  117  16:04  Dark Templar x2  
  117  16:09  Dark Templar  
  117  16:10  Dark Templar x7  
  130  16:12  Zealot x3  
  126  16:33  Zealot x3  
  124  16:47  Zealot x2  
  124  16:48  Zealot x5  
  135  16:57  Zealot x2  
  135  16:58  Zealot x2  
  137  17:02  Tempest  
  132  17:45  Tempest  
  132  17:49  Zealot x3  
  132  17:50  Zealot x5  
  141  17:51  Zealot x2  
  141  17:52  Zealot  
  141  17:53  Probe  
  144  18:01  Probe  
  144  18:05  Probe  
  146  18:13  Probe, Gateway  
  146  18:15  Gateway  
  146  18:17  Probe  
  146  18:19  Gateway  
  143  18:25  Probe  
  143  18:26  Protoss Ground Armor Level 3  
  144  18:28  Tempest  
  149  18:39  Immortal  
  153  18:47  Dark Templar x4  
  116  19:10  Tempest  
  121  19:18  Immortal  
  98  19:48  Stalker  
  98  19:49  Stalker x6  
  98  19:50  Stalker x2  
  116  19:54  Carrier  
  116  19:57  Immortal  
  126  20:00  Pylon  
  126  20:02  Pylon  
  126  20:04  Pylon  
  124  20:31  Zealot x3  
  124  20:32  Zealot x5  
  124  20:33  Zealot x2  
  144  20:37  Immortal  
  144  20:41  Zealot  
  150  20:49  Assimilator  
  150  21:14  Nexus  
  150  21:16  Observer  
  151  21:23  Nexus  
  151  21:25  Protoss Shields Level 2  
  151  21:29  Pylon  
  151  21:36  Pylon  
  151  21:37  Observer  
  151  21:38  Pylon  
  150  22:10  Zealot x3  
  150  22:11  Zealot x2  
  150  22:12  Zealot x2  
  150  22:14  Dark Templar x4  
  169  22:51  Stalker x2  
  169  22:52  Stalker x3  
  161  23:27  Assimilator  
  146  24:02  Tempest  
  133  24:35  Pylon  
  133  24:37  Pylon  
  121  24:39  Stalker, Pylon  
  121  24:40  Stalker x5  
  121  24:41  Stalker x2, Pylon  
  121  24:42  Stalker  
  121  24:45  Tempest  
  144  24:55  Assimilator  
  144  25:15  Protoss Shields Level 3  
  144  25:23  Stargate  
  144  25:26  Stargate  
  144  25:28  Zealot x3, Tempest  
  151  25:29  Zealot x4  
  151  25:30  Zealot  
  151  25:31  Zealot x3  
  171  25:51  Zealot x4  
  177  26:10  Tempest  
  170  26:17  Zealot x4  
  170  26:18  Zealot x2  
  166  26:27  Tempest x2  
  176  26:34  Stalker x3  
  176  26:35  Stalker x2  
  186  26:43  Assimilator  
  186  26:45  Protoss Air Armor Level 1  
  186  26:48  Assimilator  
  186  26:53  Tempest  
  191  27:10  Void Ray x2  
  187  27:58  Stalker x4  
  189  28:20  Stalker x4  
  189  28:21  Stalker  
  194  28:29  Zealot x4  
  190  28:57  Protoss Air Weapons Level 2  
  135  29:58  Zealot  
  135  29:59  Zealot x8  
  153  30:00  Zealot x2  
  154  30:20  Zealot x5  
  154  30:21  Zealot x5  
  164  30:54  Stalker x2  
  164  30:55  Stalker x3  
  164  30:56  Stalker x3  
  174  30:58  Stalker x2  
  143  31:43  Stalker  
  143  31:44  Stalker x4  
Tags
 
Add a new tag
Caveats
  • Supply blocks, unpowered buildings, or Contaminate may cause inaccurate times.
  • Supply counts are checked every 10 seconds.